[Event "Titled Tuesday Blitz December 06 Late 2022"]
[White "Papp, Levente"]
[Black "Therrien, Alex L"]
[WhiteFideId "751243"]
[BlackFideId "412856"]
[WhiteElo "2380"]
[BlackElo "2214"]
[Result "1-0"]
[Round "05"]
[TimeControl "180+1"]
[Date "2022.12.07"]
[WhiteClock "0:00:52"]
[BlackClock "0:00:04"]

1. Nc3 d5 2. e4 c6 3. d3 g6 4. Nf3 Bg7 5. g3 dxe4 6. Nxe4 Nd7 7. Bg2 Ngf6 8. Qe2 O-O 9. O-O b6 10. Nd4 Bb7 11. Nxc6 Bxc6 12. Nxf6+ Nxf6 13. Bxc6 Rc8 14. Bg2 Qc7 15. c3 e5 16. Bg5 h6 17. Be3 Rfd8 18. Rad1 Nd5 19. Bc1 Rd6 20. Rfe1 Rcd8 21. h4 h5 22. Bg5 R8d7 23. Bh3 f5 24. Qc2 Kh7 25. Qb3 Ne7 26. d4 Nc6 27. Bg2 exd4 28. Bf4 1-0


[Site "https://www.chess.com"]

[Event "Titled Tuesday Blitz December 06 Late 2022"]
[White "Petrovic, Aleksa"]
[Black "Rosen, Eric"]
[WhiteFideId "967629"]
[BlackFideId "2032562"]
[WhiteElo "2230"]
[BlackElo "2362"]
[Result "0-1"]
[Round "05"]
[TimeControl "180+1"]
[Date "2022.12.07"]
[WhiteClock "0:00:03"]
[BlackClock "0:00:03"]

1. d4 d5 2. c4 e6 3. Nf3 Nf6 4. Nc3 Nbd7 5. cxd5 exd5 6. Bg5 c6 7. e3 h6 8. Bh4 g5 9. Bg3 Nh5 10. Bd3 Nxg3 11. hxg3 Bg7 12. Bf5 Nb6 13. Qc2 Qe7 14. O-O-O Be6 15. Kb1 O-O-O 16. g4 Kb8 17. Ne2 Nc4 18. Ng3 Qb4 19. Ka1 Rhe8 20. Nh5 Bf8 21. Nf6 Re7 22. Ng8 Bxf5 23. gxf5 Rc7 24. Nxh6 f6 25. Ng4 Be7 26. Rd3 Nd6 27. Rb3 Qa5 28. Rc1 Rh8 29. Rc3 Ne4 30. Rd3 Qb5 31. Nd2 Rh4 32. f3 Nd6 33. Nb1 Rc8 34. Nc3 Qc4 35. Rdd1 Rch8 36. b3 Qb4 37. Nxd5 cxd5 38. Qc7+ Ka8 39. Qxe7 a5 40. Nxf6 Rh2 41. Nxd5 Qa3 42. Nb6+ Kb8 43. Qc7+ Ka7 44. Qc5 Qxc5 45. dxc5 Nxf5 46. Rd7 Rxg2 47. Na4 Rhh2 48. Nc3 Nxe3 49. c6 Nc2+ 50. Kb1 Na3+ 51. Ka1 Nc2+ 52. Kb1 Na3+ 53. Ka1 Kb6 54. Na4+ Ka6 55. Nc5+ Kb5 56. Rxb7+ Kxc6 57. Rb8 Rxa2# 0-1


[Site "https://www.chess.com"]

[Event "Titled Tuesday Blitz December 06 Late 2022"]
[White "Pham, Le Thao Nguyen"]
[Black "Saya, Ethan"]
[WhiteFideId "12401226"]
[BlackFideId "26095181"]
[WhiteElo "2282"]
[BlackElo "2178"]
[Result "0-1"]
[Round "05"]
[TimeControl "180+1"]
[Date "2022.12.07"]
[WhiteClock "0:01:01"]
[BlackClock "0:01:34"]

1. Nf3 Nf6 2. d4 e6 3. c4 b6 4. Bg5 Bb7 5. e3 Be7 6. Bd3 Ne4 7. Bxe7 Qxe7 8. O-O O-O 9. Ne1 f5 10. f3 Nf6 11. Nc3 d6 12. Nc2 Nbd7 13. e4 fxe4 14. fxe4 e5 15. Nd5 Bxd5 16. cxd5 exd4 17. Qe2 Rae8 18. Rae1 Nc5 19. Bb5 Qxe4 20. Bxe8 Rxe8 21. Qxe4 Ncxe4 22. Nxd4 Nxd5 23. Nb5 a6 24. Rf5 axb5 25. Rxd5 c6 26. Rf5 d5 27. Ref1 Nd6 28. R5f2 b4 29. Rc1 c5 30. Kf1 Ra8 31. b3 Ne4 32. Rf5 d4 33. Rc2 d3 34. Rb2 Nc3 35. Rf3 Nxa2 36. Rxd3 Nc3 37. Rbd2 Ra1+ 38. Kf2 Ne4+ 39. Kf3 Nxd2+ 40. Rxd2 Ra3 41. Rd7 Rxb3+ 42. Ke4 Rb1 43. Rb7 b3 44. Rxb6 b2 0-1


[Site "https://www.chess.com"]

[Event "Titled Tuesday Blitz December 06 Late 2022"]
[White "Polster, Christian"]
[Black "Karas, Marek"]
[WhiteFideId "12965081"]
[BlackFideId "14928558"]
[WhiteElo "2195"]
[BlackElo "2247"]
[Result "0-1"]
[Round "05"]
[TimeControl "180+1"]
[Date "2022.12.07"]
[WhiteClock "0:00:20"]
[BlackClock "0:00:19"]

1. e4 g6 2. d4 Bg7 3. Nc3 a6 4. h4 h5 5. Bg5 b5 6. Qd2 Bb7 7. f3 d6 8. O-O-O Nd7 9. Kb1 Ngf6 10. Qe1 e5 11. Nge2 Qc8 12. dxe5 Nxe5 13. Nf4 O-O 14. Ncd5 Nxd5 15. Nxd5 Kh8 16. g4 Nxf3 17. Qe3 Nxg5 18. hxg5 Bxd5 19. exd5 Qxg4 20. Be2 Qb4 21. c3 Qc5 22. Qh3 Rfe8 23. Bxh5 gxh5 24. Qxh5+ Kg8 25. g6 f6 26. Rdf1 Re7 27. Qh7+ Kf8 28. Rf3 Qxd5 29. Rhf1 Ke8 30. Qh3 Qe6 31. Qh7 Kd7 32. Kc2 Qe4+ 33. Kb3 Rae8 34. a3 Qe6+ 35. Kc2 Qe2+ 36. Kc1 Qe6 37. Qh5 Qe5 38. Qh3+ Kd8 39. Rf5 Qe3+ 40. Qxe3 Rxe3 41. Kd2 R3e5 42. R5f3 Re2+ 43. Kd3 R2e5 44. Rh1 Kd7 45. Rh7 R8e7 46. Rfh3 Rd5+ 47. Kc2 Rde5 48. Kb3 Rg5 49. R3h6 Bxh6 50. Rxh6 Rg7 51. Rh7 Rxg6 52. Rh5 Rf7 53. Rf5 Rgg7 54. Rf4 f5 55. Rf3 Rg8 56. Rf4 Rgf8 57. Rf3 Re7 58. Rf2 Ref7 59. Kc2 Rf6 60. Kd3 f4 61. Kd4 f3 62. Ke4 Rf4+ 63. Ke3 R8f5 64. Kd3 Kc6 65. Ke3 Rf6 66. b3 R4f5 67. a4 Re5+ 68. Kd4 Re2 69. Rf1 f2 70. axb5+ axb5 71. Kd3 Re1 72. Rxf2 Rxf2 73. b4 Rh1 74. c4 Rh3+ 75. Ke4 Rh4+ 76. Ke3 Rxc4 77. Kxf2 Rxb4 78. Ke3 Rc4 79. Kd3 d5 80. Kd2 b4 81. Ke2 b3 82. Ke3 b2 83. Kd3 b1=Q+ 84. Kd2 Qb3 85. Ke2 Rc2+ 86. Kd1 Qb1# 0-1


[Site "https://www.chess.com"]

[Event "Titled Tuesday Blitz December 06 Late 2022"]
[White "Quesada Perez, Yuniesky"]
[Black "Xiong, Jeffery"]
[WhiteFideId "3504409"]
[BlackFideId "2047640"]
[WhiteElo "2600"]
[BlackElo "2726"]
[Result "0-1"]
[Round "05"]
[TimeControl "180+1"]
[Date "2022.12.06"]
[WhiteClock "0:00:01"]
[BlackClock "0:00:10"]

1. e4 e6 2. d4 d5 3. e5 c5 4. c3 Qb6 5. Nf3 Nc6 6. a3 Nh6 7. b4 cxd4 8. cxd4 Nf5 9. Be3 Bd7 10. Bd3 a5 11. b5 Nce7 12. Nc3 Nxe3 13. fxe3 Ng6 14. O-O Be7 15. a4 O-O 16. Ne2 Be8 17. Nf4 Nxf4 18. exf4 f5 19. exf6 Bxf6 20. Qe2 Bh5 21. Kh1 Bxd4 22. Rae1 Rxf4 23. Qxe6+ Qxe6 24. Rxe6 Raf8 25. Rd6 Rxf3 26. gxf3 Bxf3+ 27. Rxf3 Rxf3 28. Rd8+ Kf7 29. Bxh7 Ra3 30. Rxd5 Rxa4 31. Rd7+ Ke6 32. Rxb7 Ra1+ 33. Kg2 a4 34. Bg8+ Kd6 35. Rb8 a3 36. Ra8 Kc5 37. Ra4 Bb2 38. Bc4 Rc1 39. Bd3 Rd1 40. Be2 Rd4 41. Ra6 Rd6 42. Ra8 Rd7 43. Ra6 Kb4 44. b6 Bd4 45. Bf3 Be5 46. b7 Rd2+ 47. Kh3 a2 48. Bd5 Rxd5 49. Rxa2 Rb5 50. Rg2 Rxb7 51. Kg4 Rf7 52. Kg5 Rf6 53. h4 Bf4+ 54. Kh5 Bh6 55. Re2 Kc5 56. Re4 Kd6 57. Re8 Re6 58. Rf8 Ke7 59. Rf3 Rf6 60. Rg3 Kf7 61. Rg2 Kg8 0-1


[Site "https://www.chess.com"]

[Event "Titled Tuesday Blitz December 06 Late 2022"]
[White "Quinones Garcia, Santiago"]
[Black "Aldokhin, Ivan"]
[WhiteFideId "4408497"]
[BlackFideId "24115720"]
[WhiteElo "2249"]
[BlackElo "2313"]
[Result "0-1"]
[Round "05"]
[TimeControl "180+1"]
[Date "2022.12.07"]
[WhiteClock "0:00:08"]
[BlackClock "0:00:10"]

1. e4 c5 2. Nf3 e6 3. d4 cxd4 4. Nxd4 a6 5. Bd3 Qc7 6. O-O Nf6 7. Qe2 d6 8. c4 Nbd7 9. Nc3 Be7 10. f4 b6 11. Bd2 Bb7 12. Rae1 Rd8 13. Kh1 h5 14. Nd5 exd5 15. exd5 Nf8 16. Nf5 Ng6 17. Nxg7+ Kf8 18. Bxg6 Kxg7 19. Qxe7 Rd7 20. Qe2 fxg6 21. Bc3 Rf8 22. Qd3 Bc8 23. Re6 Rdf7 24. f5 g5 25. Qe3 Kh7 26. Qxg5 Rg7 27. Qh4 Bxe6 28. fxe6 Rg4 29. Qh3 Qxc4 30. Rxf6 Qf1+ 31. Rxf1 Rxf1# 0-1


[Site "https://www.chess.com"]

[Event "Titled Tuesday Blitz December 06 Late 2022"]
[White "Rastbod, Ali"]
[Black "Martin Carmona, Gaston Manuel"]
[WhiteFideId "12567477"]
[BlackFideId "22284567"]
[WhiteElo "2223"]
[BlackElo "2235"]
[Result "1-0"]
[Round "05"]
[TimeControl "180+1"]
[Date "2022.12.07"]
[WhiteClock "0:00:10"]
[BlackClock "0:00:05"]

1. Nf3 Nf6 2. g3 b6 3. Bg2 Bb7 4. O-O g6 5. c4 Bg7 6. d4 O-O 7. d5 Ne4 8. Qc2 f5 9. Nfd2 Nd6 10. e4 e6 11. Nc3 fxe4 12. Ndxe4 Nxc4 13. dxe6 d5 14. Nxd5 Bxd5 15. Bg5 Qe8 16. Nf6+ Bxf6 17. Bxd5 Be7 18. Bxe7 Qxe7 19. Qxc4 c6 20. Bg2 b5 21. Qe2 a5 22. Rac1 Re8 23. Rfe1 Ra6 24. f4 b4 25. b3 c5 26. Bd5 Rd6 27. Qe4 Na6 28. f5 gxf5 29. Qxf5 Rf8 30. Qg4+ Kh8 31. Bc4 Nc7 32. Rc2 Rd4 33. Qh5 Ne8 34. Qe5+ Nf6 35. Rf2 Kg8 36. Ref1 Kg7 37. Qg5+ Kh8 38. Rxf6 Rxf6 39. Qxf6+ 1-0


[Site "https://www.chess.com"]

[Event "Titled Tuesday Blitz December 06 Late 2022"]
[White "Reprintsev, Alexander"]
[Black "Dias, Joao Batista"]
[WhiteFideId "14100541"]
[BlackFideId "2108240"]
[WhiteElo "2230"]
[BlackElo "1898"]
[Result "1-0"]
[Round "05"]
[TimeControl "180+1"]
[Date "2022.12.07"]
[WhiteClock "0:00:22"]
[BlackClock "0:00:20"]

1. e4 e5 2. f4 exf4 3. Bc4 Qh4+ 4. Kf1 c6 5. Nf3 Qf6 6. Qe2 d6 7. d4 Bg4 8. e5 dxe5 9. Qxe5+ Qxe5 10. Nxe5 Bh5 11. Bxf4 Nf6 12. Nc3 Bb4 13. Ne2 O-O 14. Ng3 Bg6 15. Nxg6 hxg6 16. c3 Ba5 17. Re1 Nbd7 18. h3 Rfe8 19. Kf2 Rxe1 20. Rxe1 Re8 21. Rxe8+ Nxe8 22. Ne4 Bd8 23. b4 Kf8 24. g4 Nb6 25. Bb3 Nd5 26. Bb8 a5 27. b5 f5 28. Bxd5 cxd5 29. Nd6 Nxd6 30. Bxd6+ Kf7 31. a4 Ke6 32. Bf8 Bf6 33. Kf3 g5 34. Bc5 f4 35. Bb6 Kd6 36. Bxa5 Kd7 37. Bb4 Bd8 38. a5 g6 39. a6 bxa6 40. bxa6 Kc6 41. Bc5 Ba5 42. Be7 Bxc3 43. Bxg5 Bxd4 44. Bxf4 Bf6 45. Be3 d4 46. Bf2 Kb6 47. Ke4 Kxa6 48. Bxd4 Bg5 49. Kd5 Kb7 50. Ke6 Bh4 51. Bf6 Be1 52. Kf7 Kc7 53. Kxg6 Kd6 54. Kf7 Kd7 55. g5 1-0


[Site "https://www.chess.com"]

[Event "Titled Tuesday Blitz December 06 Late 2022"]
[White "Rian, Kapriaga"]
[Black "Torres Dominguez, David"]
[WhiteFideId "7103263"]
[BlackFideId "2220857"]
[WhiteElo "2256"]
[BlackElo "2037"]
[Result "1/2-1/2"]
[Round "05"]
[TimeControl "180+1"]
[Date "2022.12.07"]
[WhiteClock "0:00:18"]
[BlackClock "0:00:57"]

1. d4 e5 2. dxe5 d6 3. Nf3 Bg4 4. Nc3 Nc6 5. e4 dxe5 6. Be2 Qxd1+ 7. Bxd1 O-O-O 8. a3 Nf6 9. Be3 Nd4 10. Nxe5 Bxd1 11. Rxd1 Nxc2+ 12. Ke2 Rxd1 13. Rxd1 Nxe3 14. Kxe3 Bc5+ 15. Ke2 Re8 16. f4 Bd6 17. Nxf7 Bxf4 18. Kf3 Be5 19. Nxe5 Rxe5 20. g4 Re8 21. g5 Nd7 22. h4 Ne5+ 23. Kg3 c6 24. Ne2 Nc4 25. b3 Nxa3 26. Nd4 Rxe4 27. Nf5 Rb4 28. Rd3 Nb5 29. Nxg7 Nd4 30. h5 a5 31. g6 hxg6 32. h6 Ne2+ 33. Kh3 Nf4+ 34. Kg3 Ne2+ 35. Kh3 Nf4+ 36. Kg3 Ne2+ 1/2-1/2


[Site "https://www.chess.com"]

[Event "Titled Tuesday Blitz December 06 Late 2022"]
[White "Rodriguez Santiago, Jaime"]
[Black "Bilan, Danila"]
[WhiteFideId "3100898"]
[BlackFideId "24161918"]
[WhiteElo "2025"]
[BlackElo "2182"]
[Result "1-0"]
[Round "05"]
[TimeControl "180+1"]
[Date "2022.12.07"]
[WhiteClock "0:00:38"]
[BlackClock "0:00:03"]

1. c4 c6 2. d4 d5 3. cxd5 cxd5 4. Bf4 Nf6 5. e3 Nc6 6. Nc3 Bf5 7. Qb3 Na5 8. Qa4+ Bd7 9. Qd1 Qb6 10. Rb1 e6 11. Bd3 Nc4 12. Qe2 Rc8 13. Nf3 Bb4 14. O-O O-O 15. Rfc1 Qa5 16. a3 Be7 17. Ne5 Nxe5 18. Bxe5 a6 19. f4 Bc6 20. f5 Ne4 21. fxe6 fxe6 22. Bxe4 dxe4 23. Qg4 Bf6 24. Qxe6+ Kh8 25. Bxf6 gxf6 26. d5 Bb5 27. Nxb5 Qxb5 28. Rxc8 1-0


[Site "https://www.chess.com"]

[Event "Titled Tuesday Blitz December 06 Late 2022"]
[White "Romero Ruscalleda, Josep"]
[Black "Arbunic Castro, Giovanna"]
[WhiteFideId "2231859"]
[BlackFideId "3400549"]
[WhiteElo "2183"]
[BlackElo "1934"]
[Result "1-0"]
[Round "05"]
[TimeControl "180+1"]
[Date "2022.12.07"]
[WhiteClock "0:00:59"]
[BlackClock "0:00:07"]

1. e4 g6 2. d4 Bg7 3. Nc3 c5 4. Be3 Qa5 5. Nf3 Nf6 6. Bd3 Ng4 7. O-O Nxe3 8. fxe3 O-O 9. Qe1 Nc6 10. Qh4 Bf6 11. Qh6 cxd4 12. exd4 Nxd4 13. Nd5 Bg7 14. Nxe7+ Kh8 15. Qh4 Nxf3+ 16. Rxf3 Bxb2 17. Raf1 Qc5+ 18. Kh1 f6 19. Nxg6+ Kg7 20. Nxf8 Kxf8 21. Qxh7 d6 22. Rg3 1-0


[Site "https://www.chess.com"]

[Event "Titled Tuesday Blitz December 06 Late 2022"]
[White "Rorrer, Grayson"]
[Black "Van Dael, Siem"]
[WhiteFideId "30944996"]
[BlackFideId "1049771"]
[WhiteElo "2200"]
[BlackElo "2336"]
[Result "0-1"]
[Round "05"]
[TimeControl "180+1"]
[Date "2022.12.07"]
[WhiteClock "0:00:03"]
[BlackClock "0:00:13"]

1. e4 c5 2. Nf3 d6 3. d4 cxd4 4. Nxd4 Nf6 5. Nc3 g6 6. Be3 Bg7 7. f3 O-O 8. Qd2 Nc6 9. O-O-O d5 10. exd5 Nxd5 11. Nxc6 bxc6 12. Bd4 Bxd4 13. Qxd4 Qb6 14. Na4 Qc7 15. Bc4 Rd8 16. Bb3 Bf5 17. Nc5 a5 18. g4 a4 19. Bxa4 Nf4 20. Qe3 Nd5 21. Rxd5 Rxd5 22. gxf5 Qb6 23. fxg6 hxg6 24. Bb3 Qxc5 25. Qh6 Rg5 26. Re1 Rg1 27. Bxf7+ Kxf7 28. Qh7+ Ke8 29. Qg8+ Kd7 30. Qe6+ Kc7 31. b4 Rxe1+ 32. Qxe1 Qg5+ 33. Kb2 Rd8 34. h4 Qf6+ 35. c3 Rd3 36. Kb3 Rxf3 37. Qd2 Qe6+ 38. Kb2 Qd5 39. Qh2+ Qd6 40. Qe2 Qf4 41. Qa6 Rf2+ 42. Kb3 Kd6 43. b5 Qe4 44. Qb6 Qd5+ 45. Kb4 Qxb5+ 46. Qxb5 cxb5 47. Kxb5 Rf4 48. c4 0-1


[Site "https://www.chess.com"]

[Event "Titled Tuesday Blitz December 06 Late 2022"]
[White "Rose, Felix"]
[Black "Averjanov, Alexey"]
[WhiteFideId "5105722"]
[BlackFideId "14109867"]
[WhiteElo "2039"]
[BlackElo "2663"]
[Result "1/2-1/2"]
[Round "05"]
[TimeControl "180+1"]
[Date "2022.12.07"]
[WhiteClock "0:02:43"]
[BlackClock "0:02:18"]

1. e4 c6 2. d4 d5 3. e5 Bf5 4. h4 h5 5. Bd3 Bxd3 6. Qxd3 e6 7. Bg5 Qa5+ 8. Nd2 Qa6 9. c4 Bb4 10. b3 Ne7 11. Nf3 Nf5 12. O-O Nd7 13. Qc2 Be7 1/2-1/2


[Site "https://www.chess.com"]

[Event "Titled Tuesday Blitz December 06 Late 2022"]
[White "Rosenthal, Nicholas"]
[Black "Mazurkiewicz, Michal"]
[WhiteFideId "2045150"]
[BlackFideId "1124943"]
[WhiteElo "2182"]
[BlackElo "2081"]
[Result "1-0"]
[Round "05"]
[TimeControl "180+1"]
[Date "2022.12.07"]
[WhiteClock "0:00:22"]
[BlackClock "0:00:03"]

1. e4 d6 2. d4 Nf6 3. Nc3 c6 4. Nf3 Bg4 5. Bc4 e6 6. O-O d5 7. exd5 cxd5 8. Bb3 Be7 9. Be3 O-O 10. Nb1 Nc6 11. c3 e5 12. dxe5 Nxe5 13. Nbd2 Ne4 14. Bc2 Nxd2 15. Bxd2 Nxf3+ 16. gxf3 Bh3 17. Re1 Bd6 18. f4 Qh4 19. Qf3 Rfe8 20. Qxd5 Bxf4 21. Bxf4 Qxf4 22. Qh5 Qg4+ 23. Qxg4 Bxg4 24. Kg2 Rad8 25. Kg3 Be6 26. Be4 Rd2 27. b3 b6 28. c4 g6 29. a4 a5 30. Re3 g5 31. Rae1 Red8 32. Bc6 R8d3 33. f4 gxf4+ 34. Kxf4 Rxe3 35. Rxe3 Rxh2 36. Ke5 Kf8 37. Kd6 Rh6 38. Kc7 Rg6 39. Rd3 h5 40. Kxb6 Bf5 41. Rd8+ Kg7 42. Kc5 h4 43. Rd2 h3 44. Rh2 Rg3 45. Kb5 Rxb3+ 46. Kxa5 Kg6 47. Bd5 Kg5 48. c5 Kg4 49. Bxb3 Kg3 50. Rxh3+ Kxh3 51. Bxf7 Bd7 52. Bd5 Kg4 53. c6 Bc8 54. Kb6 Kf5 55. a5 Ke5 56. Bc4 Kd6 57. a6 Bxa6 58. Bxa6 Ke7 59. c7 1-0


[Site "https://www.chess.com"]

[Event "Titled Tuesday Blitz December 06 Late 2022"]
[White "Rustemov, Alexander"]
[Black "Poliakova, Varvara"]
[WhiteFideId "4119002"]
[BlackFideId "13518313"]
[WhiteElo "2797"]
[BlackElo "2075"]
[Result "1-0"]
[Round "05"]
[TimeControl "180+1"]
[Date "2022.12.06"]
[WhiteClock "0:00:39"]
[BlackClock "0:00:43"]

1. d4 f5 2. g3 Nf6 3. Bg2 d6 4. Nf3 g6 5. O-O Bg7 6. b3 O-O 7. Bb2 Nc6 8. Nbd2 e5 9. dxe5 Ng4 10. Qc1 Ngxe5 11. c4 Qe7 12. Re1 f4 13. Nxe5 Nxe5 14. Nf3 Bg4 15. Nxe5 dxe5 16. Bxb7 fxg3 17. hxg3 Qc5 18. Bd5+ Kh8 19. e3 c6 20. Ba3 Qb6 21. Bxf8 Rxf8 22. Be4 Qd8 23. Qc2 Qf6 24. f3 Be6 25. Kg2 g5 26. Rh1 g4 27. Rxh7+ Kg8 28. Rf1 Qg5 29. f4 exf4 30. gxf4 Qc5 31. Qd3 Bf6 32. Rfh1 Rd8 33. Qe2 Qb4 34. Rd1 Rf8 35. Rh6 Qc3 36. Rd6 Kg7 37. Rh7+ Kg8 38. Rxe6 Rd8 39. Qxg4+ Kf8 40. Rxf6+ Qxf6 41. Qf5 1-0


[Site "https://www.chess.com"]

[Event "Titled Tuesday Blitz December 06 Late 2022"]
[White "Sadhwani, Raunak"]
[Black "Yuan, Qingyu"]
[WhiteFideId "35093487"]
[BlackFideId "8609772"]
[WhiteElo "2657"]
[BlackElo "2359"]
[Result "1-0"]
[Round "05"]
[TimeControl "180+1"]
[Date "2022.12.06"]
[WhiteClock "0:00:23"]
[BlackClock "0:00:03"]

1. c4 Nf6 2. Nc3 e6 3. Nf3 d5 4. d4 c5 5. cxd5 Nxd5 6. e4 Nxc3 7. bxc3 cxd4 8. cxd4 Bb4+ 9. Bd2 Bxd2+ 10. Qxd2 O-O 11. Bd3 Nc6 12. Qc3 Qa5 13. Qxa5 Nxa5 14. Ke2 b6 15. Rhc1 Bb7 16. Rc7 Rfc8 17. Rac1 f6 18. Ke3 Kf8 19. h4 Rxc7 20. Rxc7 Rc8 21. Rd7 Rc3 22. Kd2 Ra3 23. Bb1 Bc6 24. Rc7 Nc4+ 25. Ke1 Bb5 26. Nd2 Rc3 27. f3 h6 28. a4 Ba6 29. Nxc4 Rxc4 30. Rxa7 Rxa4 31. Bc2 Ra5 32. Bb3 Bc8 33. Rc7 Ra8 34. Kd2 Rb8 35. Kc3 g5 36. h5 b5 37. Kb4 Ke8 38. Rh7 Bd7 39. Rh8+ Ke7 40. Rxb8 1-0


[Site "https://www.chess.com"]

[Event "Titled Tuesday Blitz December 06 Late 2022"]
[White "Sanchez, Robert"]
[Black "Savic, Miroslav"]
[WhiteFideId "2034360"]
[BlackFideId "14508494"]
[WhiteElo "2343"]
[BlackElo "2209"]
[Result "0-1"]
[Round "05"]
[TimeControl "180+1"]
[Date "2022.12.07"]
[WhiteClock "0:02:09"]
[BlackClock "0:01:28"]

1. e4 c5 2. Nf3 d6 3. d4 cxd4 4. Nxd4 Nf6 5. Nc3 a6 6. Be3 e5 7. Nb3 Be6 8. f3 Be7 9. Qd2 O-O 10. O-O-O Qc7 11. g4 b5 12. g5 b4 13. Nd5 Nxd5 14. exd5 Bf5 15. Bd3 Bxd3 16. Qxd3 Rc8 17. Kb1 a5 18. Nd2 a4 19. h4 a3 20. b3 Nd7 21. Ne4 f5 22. gxf6 Nxf6 23. Bg5 Ra5 24. Nxf6+ Bxf6 25. Bxf6 gxf6 26. Rhg1+ Kh8 27. Qf5 Rf8 28. Rg4 Qc3 29. Kc1 Qa1+ 30. Kd2 Rxd5+ 0-1


[Site "https://www.chess.com"]

[Event "Titled Tuesday Blitz December 06 Late 2022"]
[White "Sarana, Alexey"]
[Black "Stoleriu, George"]
[WhiteFideId "24133795"]
[BlackFideId "1227505"]
[WhiteElo "2708"]
[BlackElo "2287"]
[Result "1-0"]
[Round "05"]
[TimeControl "180+1"]
[Date "2022.12.06"]
[WhiteClock "0:00:27"]
[BlackClock "0:00:03"]

1. d4 Nf6 2. c4 g6 3. Nc3 Bg7 4. e4 d6 5. Be2 O-O 6. Be3 e5 7. d5 Na6 8. g4 Nc5 9. f3 h5 10. g5 Nh7 11. h4 a5 12. Qd2 f6 13. O-O-O fxg5 14. hxg5 Rf4 15. Nh3 Bxh3 16. Rxh3 Qxg5 17. Rg1 Qf6 18. Nb5 Qf7 19. Rhg3 Nf8 20. Bd1 b6 21. Kb1 Kh7 22. a3 a4 23. Ka2 Ra6 24. Bc2 Ra8 25. Bxf4 Qxf4 26. Qxf4 exf4 27. Rg5 Bf6 28. Rxh5+ Kg7 29. e5 dxe5 30. Nxc7 Rc8 31. Nb5 Rd8 32. Nc3 Kf7 33. Rh6 Bg7 34. Bxg6+ Kf6 35. Rh4 e4 36. Bxe4 Kf7 37. Rxf4+ Kg8 38. Rfg4 Rd7 39. Bf5 Rf7 40. Ne4 Nd3 41. Nf6+ Rxf6 42. Rxg7+ 1-0


[Site "https://www.chess.com"]

[Event "Titled Tuesday Blitz December 06 Late 2022"]
[White "Sargsyan, Anna M."]
[Black "Potapova, Margarita"]
[WhiteFideId "13308130"]
[BlackFideId "14126869"]
[WhiteElo "2284"]
[BlackElo "2273"]
[Result "1-0"]
[Round "05"]
[TimeControl "180+1"]
[Date "2022.12.07"]
[WhiteClock "0:02:34"]
[BlackClock "0:02:40"]

1. d4 Nf6 2. c4 e6 3. Nf3 d5 4. Nc3 dxc4 5. e3 a6 6. Bxc4 b5 7. Bd3 Bb7 8. O-O Be7 9. b3 O-O 10. Bb2 Nbd7 11. Rc1 c5 12. Qe2 cxd4 13. Nxd4 Nc5 14. Bb1 Nce4 15. Rfd1 Qb8 16. Nxe4 Bxe4 17. Nc6 Qe8 18. Nxe7+ Qxe7 19. Bxf6 gxf6 20. Bxe4 Kh8 21. Bxa8 1-0


[Site "https://www.chess.com"]

[Event "Titled Tuesday Blitz December 06 Late 2022"]
[White "Sattarov, Bobir"]
[Black "Toncheva, Nadya"]
[WhiteFideId "14203081"]
[BlackFideId "2924056"]
[WhiteElo "2358"]
[BlackElo "2101"]
[Result "1-0"]
[Round "05"]
[TimeControl "180+1"]
[Date "2022.12.07"]
[WhiteClock "0:00:30"]
[BlackClock "0:00:03"]

1. e4 c5 2. Nc3 Nc6 3. Nge2 g6 4. d4 cxd4 5. Nxd4 Bg7 6. Be3 Nf6 7. Nxc6 bxc6 8. e5 Ng8 9. Bd4 f6 10. f4 fxe5 11. fxe5 Nh6 12. e6 O-O 13. Bxg7 Kxg7 14. Qd4+ Kg8 15. exd7 Qxd7 16. Bc4+ Nf7 17. Qxd7 Bxd7 18. O-O Kg7 19. Rae1 Rae8 20. Na4 e5 21. Nc5 Bf5 22. c3 Nd6 23. Bb3 e4 24. Re3 Re5 25. Rd1 Rd8 26. Nd3 Re7 27. Nb4 Rc7 28. h3 h5 29. Na6 Re7 30. Ba4 Nc4 31. Rxd8 Nxe3 32. Bxc6 Nc4 33. b3 e3 34. Bf3 Nd2 35. Be2 Nb1 36. c4 Nc3 37. Bf3 e2 38. Bxe2 Nxe2+ 39. Kf2 Nf4 40. Rd2 Nd3+ 41. Kf3 Be4+ 42. Ke3 Bf5+ 43. Kd4 Rd7+ 44. Kc3 Kf6 45. c5 Ke5 46. c6 Rd8 47. b4 Kd6 48. b5 Re8 49. g4 hxg4 50. hxg4 Be4 51. Nb4 Kc7 52. Nxd3 Bxd3 53. Rxd3 Re5 54. a4 Re4 55. Rd7+ Kb6 56. Rb7+ Kc5 57. c7 Re3+ 58. Kd2 Re8 59. Rb8 1-0


[Site "https://www.chess.com"]

[Event "Titled Tuesday Blitz December 06 Late 2022"]
[White "Shapiro, Daniel"]
[Black "Kokoszczynski, Jan"]
[WhiteFideId "2001780"]
[BlackFideId "1174460"]
[WhiteElo "2320"]
[BlackElo "2168"]
[Result "1-0"]
[Round "05"]
[TimeControl "180+1"]
[Date "2022.12.07"]
[WhiteClock "0:00:48"]
[BlackClock "0:00:06"]

1. d4 d5 2. c4 e6 3. Nf3 a6 4. cxd5 exd5 5. Bf4 c6 6. e3 Bd6 7. Bg3 Nf6 8. Nbd2 O-O 9. Bd3 Bg4 10. O-O Bh5 11. Rc1 Bg6 12. Nb3 Bxd3 13. Qxd3 Bxg3 14. hxg3 Nbd7 15. Nc5 Nxc5 16. dxc5 Re8 17. Nd4 Qd7 18. b4 Ne4 19. g4 Ng5 20. f3 g6 21. Kf2 Ne6 22. Rh1 a5 23. b5 Nxd4 24. Qxd4 cxb5 25. Rxh7 Qf5 1-0


[Site "https://www.chess.com"]

[Event "Titled Tuesday Blitz December 06 Late 2022"]
[White "Silva, Pedro Gil Ferreira Da"]
[Black "Korkmaz, Necmettin"]
[WhiteFideId "1946102"]
[BlackFideId "6303285"]
[WhiteElo "2241"]
[BlackElo "2094"]
[Result "0-1"]
[Round "05"]
[TimeControl "180+1"]
[Date "2022.12.07"]
[WhiteClock "0:00:21"]
[BlackClock "0:00:13"]

1. c4 c6 2. Nf3 d5 3. g3 Nf6 4. Bg2 Bf5 5. O-O e6 6. b3 h6 7. Bb2 Nbd7 8. d3 Bc5 9. Nbd2 O-O 10. a3 a5 11. Qc2 Qb6 12. Qc3 Rfe8 13. e4 dxe4 14. Nxe4 Bxe4 15. dxe4 e5 16. h3 Rad8 17. Rad1 Nh5 18. Nh4 Bd4 19. Qc2 Nc5 20. Bxd4 exd4 21. Nf5 d3 22. Qc3 Qxb3 23. Qxa5 b6 24. Qb4 Qxb4 25. axb4 Nxe4 26. Rfe1 Nhf6 27. Re3 d2 28. b5 cxb5 29. cxb5 Nd5 30. Rxe4 Rxe4 31. Bxe4 Nc3 32. Bc2 Nxd1 33. Bxd1 Re8 34. Ne3 Re5 35. Be2 f5 36. Kf1 g5 37. Bc4+ Kg7 38. Bb3 f4 39. Bd1 fxe3 40. fxe3 Rxe3 41. Kf2 Re1 42. Bg4 d1=Q 43. Bxd1 Rxd1 0-1


[Site "https://www.chess.com"]

[Event "Titled Tuesday Blitz December 06 Late 2022"]
[White "Sivakumar, Shaaketh"]
[Black "Pinheiro, Iung Alicio de O."]
[WhiteFideId "30940176"]
[BlackFideId "2104350"]
[WhiteElo "2174"]
[BlackElo "2283"]
[Result "1-0"]
[Round "05"]
[TimeControl "180+1"]
[Date "2022.12.07"]
[WhiteClock "0:00:15"]
[BlackClock "0:00:17"]

1. d4 Nf6 2. Nf3 g6 3. g3 Bg7 4. Bg2 O-O 5. O-O d6 6. b4 Nbd7 7. Bb2 Re8 8. Nbd2 e5 9. dxe5 Ng4 10. c4 a5 11. a3 Ndxe5 12. Nxe5 Nxe5 13. Qb3 c6 14. Nf3 a4 15. Qa2 Be6 16. Rac1 Rc8 17. Qa1 Qc7 18. c5 Nxf3+ 19. Bxf3 Bxb2 20. Qxb2 Rcd8 21. cxd6 Rxd6 22. Rfd1 Red8 23. Rxd6 Qxd6 24. e3 Bb3 25. Kg2 Qd2 26. Qf6 Rd6 27. Qe7 Re6 28. Qc5 Rf6 29. Qc3 Qd6 30. e4 Qe6 31. h3 h5 32. h4 Qe7 33. Qe3 Rd6 34. Rc3 Qe5 35. Rc5 Qe6 36. e5 Rd7 37. b5 Bd5 38. bxc6 bxc6 39. Kh2 Bxf3 40. Qxf3 Rd2 41. Kg2 Rd5 42. Rxd5 cxd5 43. Qf4 Kg7 44. Qd4 Kg8 45. f4 Qc6 46. Qd3 Qc1 47. Qf3 Qb2+ 48. Kh3 Qb3 49. Qe2 d4 50. Qa6 Qe6+ 51. Qxe6 fxe6 52. Kg2 Kf7 53. Kf3 Ke7 54. Ke4 Kd7 55. Kxd4 Kc6 56. Kc4 Kb6 57. Kb4 Kc6 58. Kxa4 Kd5 59. Kb5 Ke4 60. a4 Kf3 61. a5 Kxg3 62. a6 g5 63. a7 gxh4 64. a8=Q h3 65. Qh1 h2 66. f5 exf5 67. e6 f4 68. e7 f3 69. e8=Q f2 70. Qe5+ 1-0


[Site "https://www.chess.com"]